 Dungeon Crawl Stone Soup version 0.23.1 (webtiles) character file.

Game seed: 11461666657412151914

73 Sandy the Poker (level 4, -3/32 HPs)
             Began as a Human Wanderer on Mar 7, 2019.
             Was an Initiate of Okawaru.
             Slain by Crazy Yiuf
             ... wielding a +3 quarterstaff of chaos
              (10 damage)
             ... on level 3 of the Dungeon.
             The game lasted 00:07:59 (2452 turns).

Sandy the Poker (Human Wanderer)                    Turns: 2452, Time: 00:08:00

Health: -3/32      AC:  3    Str: 14    XL:     4   Next: 51%
Magic:  4/4        EV: 12    Int: 10    God:    Okawaru [......]
Gold:   109        SH:  0    Dex: 19    Spells: 3/3 levels left

rFire    . . .     SeeInvis .   a - +2 spear
rCold    + . .     Gourm    .   (no shield)
rNeg     . . .     Faith    .   c - +0 robe
rPois    .         Spirit   .   (no helmet)
rElec    .         Reflect  .   (no cloak)
rCorr    .         Harm     .   D - +0 pair of gloves
MR       .....                  (no boots)
Stlth    ++........             (no amulet)
HPRegen  0.10/turn              v - ring of protection from cold
MPRegen  0.09/turn              u - +5 ring of dexterity

@: slowed, lightly drained, very slow
A: no striking features
a: Renounce Religion


You were on level 3 of the Dungeon.
You worshipped Okawaru.
Okawaru was noncommittal.
You were near starving.

You visited 2 branches of the dungeon, and saw 5 of its levels.

You collected 109 gold pieces.

Inventory:

Hand Weapons
 a - a +2 spear (weapon)
 g - a +1 short sword of speed
 o - a +2 dagger of freezing
 t - a cursed -3 hunting sling
 y - a +0 trident
 B - a +1 dagger of speed
Missiles
 i - 81 stones (quivered)
Armour
 c - a +0 robe (worn)
 m - a +0 buckler
 D - a +0 pair of gloves (worn)
Jewellery
 e - an uncursed ring of magical power
 u - a +5 ring of dexterity (right hand)
 v - a ring of protection from cold (left hand)
Scrolls
 f - 2 scrolls of random uselessness
 l - a scroll of immolation {unknown}
 q - 4 scrolls of remove curse
 s - a scroll of fear {unknown}
 w - a scroll of teleportation {unknown}
 z - a scroll of identify {unknown}
 C - a scroll of fog {unknown}
Potions
 b - 4 potions of curing
 h - 2 potions of lignification {unknown}
 j - a potion of resistance {unknown}
 k - a potion of haste {unknown}
 n - a potion of brilliance {unknown}
 p - a potion of invisibility {unknown}
 r - a potion of agility {unknown}
 x - a potion of magic {unknown}
 A - a potion of flight {unknown}
Comestibles
 d - 8 rations


   Skills:
 - Level 1.0(0.7) Fighting
 + Level 6.4(6.1) Polearms
 - Level 2.0(1.6) Throwing
 - Level 1.0(0.7) Dodging
 - Level 1.0(0.7) Stealth


You had 3 spell levels left.
You didn't know any spells.
Your spell library was empty.

Dungeon Overview and Level Annotations

Branches:
Dungeon (4/15)             Temple (1/1) D:4

Altars:
Ashenzari
Cheibriados
Dithmenos
Elyvilon
Fedhas
Gozag
Hepliaklqana
Kikubaaqudgha
Makhleb
Nemelex Xobeh
Okawaru
Uskayaw
Vehumet
Wu Jian
Xom
Yredelemnul
Zin
The Shining One

Annotations:
D:3 Crazy Yiuf


Message History

Crazy Yiuf is moderately wounded.
Crazy Yiuf hits you with a +3 quarterstaff of chaos!
You feel yourself slow down.
You hit Crazy Yiuf but do no damage.
Crazy Yiuf is moderately wounded.
Crazy Yiuf sings, "Trees, trees, trees, circus!"
Crazy Yiuf closely misses you.
You barely miss Crazy Yiuf.
Crazy Yiuf is moderately wounded.
Crazy Yiuf hits you with a +3 quarterstaff of chaos.
You hit Crazy Yiuf.
Crazy Yiuf is heavily wounded.
Crazy Yiuf hits you with a +3 quarterstaff of chaos!
You feel drained.
* * * LOW HITPOINT WARNING * * *
You are too injured to fight recklessly!
Crazy Yiuf closely misses you.
Crazy Yiuf screams, "Goober dark bag!"
Crazy Yiuf hits you with a +3 quarterstaff of chaos!
You die...

..#..##......#
#####
#.......##
.#..####.....#
#..)#
#.........
##.## #.....#
#.(.#
#........#
#### #.#####
... #...(.....
#.# #'#
#.......## #.#
♣♣.♣ #.......#
#.# ♣.♣♣
#....>..# #.#
♣♣g♣ #.......#
#### ♣@♣♣
#.####### ##
♣♣.♣♣ #.#
♣...♣♣ #.#
♣....♣ #.#
#....# #.#
#....####.#
##........#
##...#####
#####


You could see Crazy Yiuf.

Vanquished Creatures
  2 adders (D:2)
  A worm (D:2)
  A dart slug (D:1)
  2 leopard geckos
  3 giant cockroaches
  4 goblins (D:2)
  6 hobgoblins
  4 jackals (D:2)
  A quokka (D:2)
  A ball python (D:1)
  8 bats
  4 frilled lizards
  4 kobolds
  3 rats
44 creatures vanquished.

Notes
Turn   | Place    | Note
-------+----------+-------------------------------------------
     0 | D:1      | Sandy the Human Wanderer began the quest for the Orb.
     0 | D:1      | Sandy set off with the following items: a +2 spear, 2
                  | potions of curing, a +0 robe, a ration
     0 | D:1      | Reached XP level 1. HP: 15/15 MP: 1/1
   109 | D:1      | You fall through a shaft!
   122 | D:2      | Reached XP level 2. HP: 20/21 MP: 2/2
   177 | D:4      | Noticed a sky beast
   197 | D:4      | Found a shattered altar of Ashenzari.
   516 | D:4      | Found a glowing silver altar of Zin.
   541 | D:4      | Found a staircase to the Ecumenical Temple.
   550 | Temple   | Entered the Ecumenical Temple
   712 | Temple   | Became a worshipper of Warmaster Okawaru
  1272 | D:1      | Reached XP level 3. HP: 26/26 MP: 3/3
  1862 | D:2      | Reached skill level 6 in Polearms
  1899 | D:2      | Reached XP level 4. HP: 22/32 MP: 4/4
  2438 | D:3      | Found a runed translucent door.
  2439 | D:3      | Noticed Crazy Yiuf
  2452 | D:3      | Slain by Crazy Yiuf

Skill      XL: |  1  2  3 |
---------------+----------+-----
Polearms       | 6 |  6.4
Fighting       | |  1.0
Throwing       | |  2.0
Dodging        | |  1.0
Stealth        | |  1.0

Action                   |  1- 3 |  4- 6 || total
-------------------------+-------+-------++-------
Melee: Spear             |   110 |    30 ||   140
Throw: Stone             |     3 |     1 ||     4
  Use: Scroll            |     1 |     2 ||     3
 Stab: Sleeping          |     5 |     1 ||     6
  Eat: Chunk             |     3 |       ||     3
Armor: Robe              |    11 |     4 ||    15
Dodge: Dodged            |    48 |    11 ||    59
